 Dungeon Crawl Stone Soup version 0.17.1-3-g152610e (webtiles) character file.

37 Goblin1989 the Insei (level 3, -5/23 HPs)
             Began as an Octopode Transmuter on Feb 28, 2016.
             Slain by a gnoll
             ... wielding a +1 flail of protection
              (10 damage)
             ... on level 2 of the Dungeon.
             The game lasted 00:10:37 (1694 turns).

Goblin1989 the Insei (Octopode Transmuter)          Turns: 1694, Time: 00:10:37

Health: -5/23      AC:  1    Str:  7    XL:     3   Next: 39%
Magic:  4/6        EV:  7    Int: 16    God:
Gold:   78         SH:  0    Dex: 12    Spells: 3 memorised, 0 levels left

rFire  . . .     SeeInvis .       - Unarmed
rCold  . . .     Clarity  .     (no shield)
rNeg   . . .     SustAt   .     (helmet restricted)
rPois  .         Gourm    .     (no amulet)
rElec  .         Spirit   .     (no ring)
rCorr  .         Warding  .     (no ring)
rMut   .         Stasis   .     (no ring)
MR     .....                    (no ring)
Stlth  ++........               (no ring)
                                (no ring)
                                (no ring)
                                (no ring)

@: not resistant to hostile enchantments, unstealthy
A: almost no armour, amphibious, 8 rings, constrict 8, camouflage 1, spit poison
1, weak 1, wild magic 1, gelatinous body 1
a: Spit Poison


You were on level 2 of the Dungeon.
You were hungry.

You visited 1 branch of the dungeon, and saw 2 of its levels.

You collected 78 gold pieces.

Inventory:

Missiles
 a - 29 arrows
Books
 b - a book of Changes

   Spells                             Type                      Level
   a - Beastly Appendage              Transmutation                1
   b - Sticks to Snakes               Transmutation                2
   c - Spider Form                    Transmutation/Poison         3
   d - Ice Form                       Ice/Transmutation            4
   e - Blade Hands                    Transmutation                5
Comestibles
 c - a bread ration
 d - a beef jerky
 h - a meat ration
 i - 2 chunks of flesh


   Skills:
 - Level 1.0 Fighting
 - Level 2.0 Dodging
 + Level 4.2 Unarmed Combat
 - Level 2.0 Spellcasting
 * Level 2.2 Transmutations
 * Level 0.2 Poison Magic


You couldn't memorise any spells.
You knew the following spells:

 Your Spells              Type           Power        Failure   Level  Hunger
a - Beastly Appendage     Trmt           ##....       19%         1    #......
b - Sticks to Snakes      Trmt           ##........   26%         2    ###....
c - Spider Form           Trmt/Pois      #.........   54%         3    ###....


Dungeon Overview and Level Annotations

Branches:
Dungeon (2/15)

Altars:

Annotations:
D:1 exclusion: downstairs
D:2 Robin


Innate Abilities, Weirdness & Mutations

You cannot wear most types of armour.
You are amphibious.
You can wear up to eight rings at the same time.
You can use your tentacles to constrict eight enemies at once.
Your skin changes colour to match your surroundings (Stealth).
Your rubbery body absorbs attacks (AC +1).
You can spit weak poison.
You are weak. (Str -2)
Your spells are a little harder to cast, but a little more powerful.


Message History

Your ball python barely misses the gnoll.
Your ball python grabs the gnoll.
Your ball python constricts the gnoll.
The gnoll barely misses your ball python.
The gnoll hits you with a flail of protection!
Ouch! That really hurt!
* * * LOW HITPOINT WARNING * * *
Your ball python bites the gnoll but does no damage.
Your ball python constricts the gnoll.
The gnoll hits your ball python with a halberd!
Your ball python dies!
Your transformation is almost over.
You closely miss the gnoll. Your grab misses the gnoll.
The gnoll is heavily wounded.
The gnoll barely misses you.
Your tentacle spike disappears.
You are feeling hungry.
Your magical contamination has completely faded away.
There is a stone staircase leading up here.
The gnoll hits you with a flail of protection!
You die...

.......# #...........#
#........ .......#
#.#####.....# #.###.###
####.## #.# ....# #.#
### # #g# #.# #### #.# #
#.# #.# #.# # #.# #.####
########.# #
#.#####!...# #........#
#.......##.####.##.##.##
##########.gg@.....##.#
######.#####.# #... ..#
##### ###


You could see 2 gnolls.

Vanquished Creatures
  A ball python (D:1)
  4 bats (D:1)
  2 giant cockroaches (D:1)
  4 goblins (D:1)
  4 hobgoblins
  10 jackals (D:1)
  A giant newt (D:1)
  A kobold (D:1)
  3 rats
30 creatures vanquished.

Vanquished Creatures (collateral kills)
  A goblin (D:2)
  A jackal (D:1)
2 creatures vanquished.

Grand Total: 32 creatures vanquished

Notes
Turn   | Place    | Note
--------------------------------------------------------------
     0 | D:1      | Goblin1989 the Octopode Transmuter began the quest for the Orb.
     0 | D:1      | Reached XP level 1. HP: 13/13 MP: 3/3
   270 | D:1      | Reached XP level 2. HP: 12/18 MP: 3/5
   274 | D:1      | Learned a level 2 spell: Sticks to Snakes
   913 | D:1      | Reached skill level 4 in Unarmed Combat
  1036 | D:1      | Reached XP level 3. HP: 19/23 MP: 2/6
  1198 | D:1      | Learned a level 3 spell: Spider Form
  1232 | D:2      | Noticed Robin
  1519 | D:1      | Gained mutation: Your spells are a little harder to cast, but a little more powerful. [potion of mutation]
  1519 | D:1      | Gained mutation: You can spit weak poison. [potion of mutation]
  1519 | D:1      | Gained mutation: You are weak. (Str -2) [potion of mutation]
  1694 | D:2      | Slain by a gnoll

Action                   || total
-------------------------++-------
Melee: Unarmed           ||    72
 Cast: Beastly Appendage ||    17
       Sticks to Snakes  ||     3
  Use: Scroll            ||     2
       Potion            ||     2
 Stab: Distracted        ||     2
       Sleeping          ||     2
  Eat: Pizza             ||     1
       Chunk             ||     1
